 Dungeon Crawl Stone Soup version 0.27.1-35-g4d5d836560 (webtiles) character file.

Game seed: 11033078586123966863

938 Delamore the Covert (level 8, 0/50 HPs)
             Began as an Octopode Brigand on Apr 14, 2022.
             Was an Initiate of Gozag.
             Slain by a wyvern zombie (15 damage)
             ... on level 5 of the Dungeon.
             The game lasted 00:04:53 (5779 turns).

Delamore the Covert (Octopode Brigand)              Turns: 5779, Time: 00:04:54

Health: 0/50       AC:  1    Str: 10    XL:     8   Next: 12%
Magic:  8/8        EV: 16    Int: 14    God:    Gozag
Gold:   121        SH:  0    Dex: 15    Spells: 7/7 levels left

rFire    . . .     SeeInvis .   v - +0 dagger (venom)
rCold    . . .     Faith    .   (no shield)
rNeg     + . .     Spirit   .   (helmet restricted)
rPois    .         Reflect  .   (no amulet)
rElec    .         Harm     .   m - ring of wizardry
rCorr    .         Rampage  .   k - ring of willpower
Will     +....                  p - +4 ring of evasion
Stlth    +++++.....             A - ring of positive energy
HPRegen  0.16/turn              (no ring)
MPRegen  0.11/turn              (no ring)
                                (no ring)
                                (no ring)

@: no status effects
A: almost no armour, amphibious, 8 rings, camouflage 1, gelatinous body 1,
(nimble swimmer 1), tentacles
a: Renounce Religion, Potion Petition, Call Merchant, Bribe Branch


You were on level 5 of the Dungeon.
You worshipped Gozag.
Gozag was aware of your devotion.
You visited 1 branch of the dungeon, and saw 5 of its levels.

You collected 443 gold pieces.
You spent 272 gold pieces at shops.
You paid 50 gold pieces to Gozag.

Inventory:

Hand Weapons
 a - a +2 dagger
 v - a +0 dagger of venom (weapon)
Missiles
 b - 52 poisoned darts (quivered)
 c - 2 curare-tipped darts
Jewellery
 k - a ring of willpower (right tentacle)
 m - a ring of wizardry (left tentacle)
 p - a +4 ring of evasion (on tentacle)
 A - a ring of positive energy (on tentacle)
Wands
 x - a wand of iceblast (6)
 y - a wand of polymorph (6)
Scrolls
 d - 2 scrolls of fog
 g - a scroll of noise
 h - 3 scrolls of magic mapping
 i - a scroll of amnesia
 l - a scroll of silence
 n - 2 scrolls of teleportation
 t - a scroll of torment {unknown}
 u - a scroll of enchant armour {unknown}
 w - a scroll of immolation {unknown}
Potions
 e - 2 potions of might {unknown}
 f - 5 potions of curing
 j - 2 potions of flight {unknown}
 o - 2 potions of mutation {unknown}
 q - 2 potions of haste {unknown}
 r - 2 potions of invisibility {unknown}
 s - a potion of degeneration {unknown}
 z - 2 potions of heal wounds


   Skills:
 - Level 2.0 Fighting
 * Level 7.7 Short Blades
 - Level 2.0 Throwing
 - Level 1.0 Dodging
 + Level 9.1 Stealth


You had 7 spell levels left.
You didn't know any spells.
Your spell library contained the following spells:

 Spells                   Type           Power      Damage    Failure   Level
 Call Canine Familiar     Summ           0%         N/A       32%         3
 Portal Projectile        Hex/Tloc       0%         N/A       32%         3
 Leda's Liquefaction      Hex/Erth       0%         N/A       71%         4


Dungeon Overview and Level Annotations

Branches:
Dungeon (5/15)             Temple (0/1) D:4

Altars:
Elyvilon
Gozag
Hepliaklqana
Kikubaaqudgha
Makhleb
Trog
Zin

Shops:
D:1 *!?   D:2 [


Innate Abilities, Weirdness & Mutations

You cannot wear most types of armour.
You are amphibious.
You can wear up to eight rings at the same time.
Your skin changes colour to match your surroundings (Stealth+).
Your rubbery body absorbs attacks. (AC +1, EV +1)
((You are camouflaged near water. (Stealth+)))
You have tentacles for arms and can constrict up to eight enemies at once.


Message History

A wyvern zombie comes into view.
The wyvern zombie misses you.
You hit the wyvern zombie.
The wyvern zombie is lightly damaged.
The wyvern zombie bites you!
You barely miss the wyvern zombie.
The wyvern zombie is lightly damaged.
The wyvern zombie bites you.
You hit the wyvern zombie but do no damage.
You squeeze the wyvern zombie!
The wyvern zombie is moderately damaged.
You hit the wyvern zombie but do no damage.
The wyvern zombie is moderately damaged.
The wyvern zombie completely misses you.
You hit the wyvern zombie but do no damage.
The wyvern zombie is moderately damaged.
The wyvern zombie misses you.
You hit the wyvern zombie but do no damage.
The wyvern zombie is moderately damaged.
The wyvern zombie closely misses you.
You barely miss the wyvern zombie.
The wyvern zombie is moderately damaged.
The wyvern zombie misses you.
You hit the wyvern zombie.
The wyvern zombie is heavily damaged.
A wyvern zombie is nearby!
A wyvern zombie is nearby!
You hit the wyvern zombie.
The wyvern zombie is heavily damaged.
The wyvern zombie bites you!
* * * LOW HITPOINT WARNING * * *
You hit the wyvern zombie.
You squeeze the wyvern zombie, but do no damage.
The wyvern zombie is heavily damaged.
The wyvern zombie misses you.
You hit the wyvern zombie.
The wyvern zombie is severely damaged.
The wyvern zombie bites you!
You die...
Your body crumbles into a pile of gold.

#...# ## ####...# .# ..##...# .#
### ###.##...# .# .... ........#
.# .....###.##.#.#.# .#
............#.#.# .##
......Z@....#.#.######## ..#
..........#.#.#.##...... ..#
####....#.#..<#.##.####. ).#
#....#.###.#.##.# #.
..######.####....#.#.....#..# #.
......................>..#.#####.
...........##....#.####..#.......
...........##....... #.....#####
..###......# ...##.##.#.###.###


You could see a wyvern zombie.

Vanquished Creatures
  2 black bears
  2 ogres (D:4)
  2 phantoms (D:5)
  A kobold brigand (D:4)
  2 hounds
  A jelly (D:4)
  Natasha (D:2)
  2 iguanas (D:4)
  2 hound skeletons
  5 adders
  A howler monkey skeleton (D:4)
  2 shadow imps (D:5)
  3 worms
  2 dart slugs (D:1)
  6 orcs
  7 bats
  11 endoplasms
  4 giant cockroaches
  6 goblins
  7 hobgoblins
  24 kobolds
  2 quokkas
  6 ball pythons
  A frilled lizard (D:2)
  4 rats
106 creatures vanquished.

Vanquished Creatures (others)
  41 plants (D:4)
41 creatures vanquished.

Grand Total: 147 creatures vanquished

Notes
Turn   | Place    | Note
-------+----------+-------------------------------------------
     0 | D:1      | Delamore the Octopode Brigand began the quest for the Orb.
     0 | D:1      | Reached XP level 1. HP: 14/14 MP: 1/1
    11 | D:1      | Found Zataring's General Store.
    26 | D:1      | Bought a scroll of fog for 22 gold pieces
   145 | D:1      | Reached XP level 2. HP: 19/19 MP: 2/2
   375 | D:1      | Found Wishimp's Distillery.
   486 | D:1      | Bought a potion of curing for 33 gold pieces
   633 | D:1      | Found a faded altar of an unknown god.
   633 | D:1      | Found Pejo's Magic Scroll Shop.
   646 | D:1      | Reached XP level 3. HP: 11/24 MP: 3/3
   826 | D:1      | Bought a scroll of noise for 12 gold pieces
  1215 | D:2      | Reached skill level 6 in Stealth
  1419 | D:2      | Noticed Natasha
  1422 | D:2      | Killed Natasha
  1423 | D:2      | Reached XP level 4. HP: 29/29 MP: 4/4
  1713 | D:2      | Found Ixuruxt's Antique Armour Boutique.
  2027 | D:1      | Bought a scroll of identify for 24 gold pieces
  2329 | D:3      | Reached XP level 5. HP: 34/34 MP: 5/5
  2450 | D:3      | Found an ancient bone altar of Kikubaaqudgha.
  2595 | D:3      | Found a bloodstained altar of Trog.
  2936 | D:3      | Noticed a black bear
  2940 | D:3      | Killed a black bear
  2941 | D:3      | Reached skill level 5 in Short Blades
  2941 | D:3      | Reached skill level 7 in Stealth
  2941 | D:3      | Reached XP level 6. HP: 39/39 MP: 6/6
  3142 | D:4      | Found a hazy altar of Hepliaklqana.
  3363 | D:4      | Found an opulent altar of Gozag.
  3372 | D:4      | Became a worshipper of Gozag Ym Sagoz the Greedy
  3722 | D:4      | Found a staircase to the Ecumenical Temple.
  4373 | D:4      | Reached XP level 7. HP: 45/45 MP: 7/7
  4378 | D:4      | Reached skill level 8 in Stealth
  4862 | D:1      | Bought a scroll of identify for 24 gold pieces
  4862 | D:1      | Bought a scroll of teleportation for 36 gold pieces
  4909 | D:1      | Bought a potion of curing for 33 gold pieces
  4909 | D:1      | Bought a potion of heal wounds for 55 gold pieces
  4909 | D:1      | Bought a potion of curing for 33 gold pieces
  4954 | D:5      | Entered Level 5 of the Dungeon
  4991 | D:5      | Found a white marble altar of Elyvilon.
  5055 | D:5      | Found a burning altar of Makhleb.
  5058 | D:5      | Found a glowing silver altar of Zin.
  5058 | D:5      | Noticed an angel
  5059 | D:5      | Noticed a green death
  5484 | D:5      | Reached XP level 8. HP: 23/50 MP: 8/8
  5660 | D:5      | Reached skill level 9 in Stealth
  5779 | D:5      | Slain by a wyvern zombie

Illustrated notes

Levels and vault maps discovered:
D:1:      dpeg_arrival_arbitrary_c, layout_rooms,
          hellmonk_ecumenical_altar_run_dry, serial_shops, shop_coins,
          nicolae_shop_crystal, shop
D:2:      layout_loops_ring, serial_shops, nicolae_square_shop, uniq_natasha
D:3:      layout_rooms, mainiacjoe_overflow_concentric_impassable,
          trog_three_pillars_becter, kennysheep_generic_room_8
D:4:      kennysheep_kobold_camp, layout_layer_cave, grunt_gozag_statues,
          nicolae_hepliaklqana_hippocampus, minmay_temple_entry_statues_pillars,
          minmay_misc_feat_rows
D:5:      layout_basic, grunt_temple_overflow_order_and_chaos_2,
          nicolae_elyvilon_temple_path, hex_large, nrook_pool_corridor

Skill      XL: |  1  2  3  4  5  6  7  8 |
---------------+-------------------------+-----
Short Blades   | 3 4 5 6 7 |  7.7
Stealth        | 6 7 8 9 |  9.1
Fighting       | |  2.0
Throwing       | |  2.0
Dodging        | |  1.0

Action                   |  1- 3 |  4- 6 |  7- 9 || total
-------------------------+-------+-------+-------++-------
Melee: Dagger            |    62 |   133 |    77 ||   272
       Constrict         |    12 |    32 |     8 ||    52
       Tentacles         |     6 |    22 |    14 ||    42
  Use: Scroll            |       |     1 |     2 ||     3
       Potion            |       |     1 |       ||     1
 Stab: Sleeping          |     7 |    15 |     6 ||    28
Armor: Skin              |     7 |     6 |     1 ||    14
Dodge: Dodged            |    23 |    53 |    41 ||   117
